 Dungeon Crawl Stone Soup version 0.19.1-1-g22dce08 (webtiles) character file.

379 Kiturien the Chopper (level 6, 0/57 HPs)
             Began as a Deep Dwarf Fighter on Jan 19, 2017.
             Slain by an ogre
             ... wielding a +0 giant spiked club
              (20 damage)
             ... on level 4 of the Dungeon.
             The game lasted 00:10:28 (2477 turns).

Kiturien the Chopper (Deep Dwarf Fighter)           Turns: 2477, Time: 00:10:29

Health: 0/57       AC: 14    Str: 22    XL:     6   Next: 45%
Magic:  8/8        EV:  5    Int:  8    God:
Gold:   151        SH: 10    Dex: 12    Spells: 0 memorised, 5 levels left

rFire  + . .     SeeInvis .     a - +2 war axe
rCold  . . .     Gourm    .     w - +3 chain mail {rF+}
rNeg   . . .     Faith    .     c - +1 shield
rPois  +         Spirit   .     (no helmet)
rElec  .         Reflect  .     (no cloak)
rCorr  .         Harm     .     m - +1 pair of gloves
MR     .....                    (no boots)
Stlth  ..........               q - amulet of magic regeneration
                                (no ring)
                                k - ring of poison resistance

@: non-regenerating
A: damage resistance, recharge devices, sense surroundings 1, slow regeneration
3
a: Device Recharging


You were on level 4 of the Dungeon.
You were hungry.

You visited 1 branch of the dungeon, and saw 4 of its levels.

You collected 151 gold pieces.

Inventory:

Hand Weapons
 a - a +2 war axe (weapon)
Armour
 b - a +0 scale mail
 c - a +1 shield (worn)
 m - a +1 pair of gloves (worn)
 w - a +3 chain mail of fire resistance (worn)
Jewellery
 k - a ring of poison resistance (left hand)
 q - an amulet of magic regeneration (around neck)
Wands
 e - a wand of heal wounds (9/9)
Scrolls
 p - a scroll of amnesia
 r - a scroll of identify
 u - a scroll of teleportation {unknown}
 v - a scroll of fog {unknown}
Potions
 d - a potion of might
 g - a potion of invisibility
 i - a potion of ambrosia
 j - a potion of beneficial mutation
 o - a potion of cure mutation
 s - a potion of curing {unknown}
 t - a potion of flight
Comestibles
 f - 3 bread rations
 h - 3 fruits
 l - a slice of pizza
 n - a meat ration


   Skills:
 * Level 3.7 Fighting
 + Level 5.1 Axes
 + Level 4.1 Armour
 + Level 0.4 Dodging
 + Level 3.8 Shields
 * Level 3.6 Evocations


You had 5 spell levels left.
You didn't know any spells.

Dungeon Overview and Level Annotations

Branches:
Dungeon (4/15)
 Temple: D:4-7

Altars:


Innate Abilities, Weirdness & Mutations

You are resistant to damage.
You can recharge devices by infusing magical energy.
You passively map a small area around you.
You do not regenerate.


Message History

The gnoll shouts!
A gnoll and an ogre come into view.
A gnoll comes into view. It is wielding a spear.
The gnoll shouts! x2; The ogre shouts!
Found a bread ration.
A gnoll comes into view. It is wielding a spear.
The gnoll shouts!
You hit the gnoll.
The gnoll is lightly wounded.
You block the gnoll's attack.
You slash the gnoll!
The gnoll is severely wounded.
You barely miss the gnoll.
The gnoll is severely wounded.
You block the gnoll's attack. You block the gnoll's attack.
There is a stone staircase leading down here.
There is a stone staircase leading up here.
The ogre hits you with a giant spiked club!!
You die...

#### ####..### ### *
###.......### ### #..
#..O@.......###.# .. *
##.g.........#...# .##
#................#
#.#######............###.##
#.##.g>.gg...........# ##.#
#.gg...#.............# #.##
###.#####.............##
##.## ##...##
#............## ####..#
..##..# ##..........###
##.....##


You could see an ogre and 3 gnolls.

Vanquished Creatures
  The ghost of fatfloppyjuicyveiny the Archer, an amateur CeHu of Okawaru (D:3)
  A hound (D:4)
  An orc priest (D:3)
  A worker ant (D:4)
  4 adders
  3 oozes
  5 worms (D:2)
  4 dart slugs
  4 leopard geckos
  4 orcs (D:3)
  10 bats
  2 giant cockroaches
  10 goblins
  11 hobgoblins
  6 jackals (D:2)
  5 kobolds
  3 quokkas
  3 frilled lizards
  10 rats
88 creatures vanquished.

Notes
Turn   | Place    | Note
-------+----------+-------------------------------------------
     0 | D:1      | Kiturien the Deep Dwarf Fighter began the quest for the Orb.
     0 | D:1      | Reached XP level 1. HP: 20/20 MP: 1/1
   204 | D:1      | Reached XP level 2. HP: 25/27 MP: 2/2
   633 | D:1      | Reached skill level 1 in Evocations
   681 | D:1      | Reached XP level 3. HP: 17/33 MP: 3/3
   847 | D:2      | Reached skill level 3 in Axes
   943 | D:2      | Found a faded altar of an unknown god.
   977 | D:2      | Reached XP level 4. HP: 31/42 MP: 5/5
  1727 | D:3      | Noticed fatfloppyjuicyveiny's ghost (amateur CeHu)
  1738 | D:3      | Killed fatfloppyjuicyveiny's ghost
  1738 | D:3      | Reached skill level 4 in Axes
  1738 | D:3      | Reached XP level 5. HP: 29/49 MP: 5/7
  1832 | D:3      | Reached XP level 6. HP: 29/56 MP: 8/8
  1868 | D:3      | Reached skill level 5 in Axes
  2477 | D:4      | Slain by an ogre

Skill      XL: |  1  2  3  4  5  6 |
---------------+-------------------+-----
Evocations     | 1 3 |  3.6
Axes           | 3 4 5 |  5.1
Fighting       | 3 |  3.7
Armour         | 4 |  4.1
Dodging        | |  0.4
Shields        | |  3.8

Action                   |  1- 3 |  4- 6 || total
-------------------------+-------+-------++-------
Melee: War axe           |   133 |   141 ||   274
Evoke: Wand              |     1 |       ||     1
  Use: Scroll            |     3 |     9 ||    12
       Potion            |     1 |       ||     1
  Eat: Meat ration       |       |     1 ||     1
Armor: Scale mail        |    57 |    57 ||   114
Dodge: Dodged            |    37 |    33 ||    70
Block: Shield            |    72 |    89 ||   161
